 Dungeon Crawl Stone Soup version 0.21-a0-632-g1e37ce5 (webtiles) character file.

0 wazuzu the Ducker (level 1, -34/11 HPs)
             Began as a Spriggan Abyssal Knight on Dec 27, 2017.
             Was a Follower of Lugonu.
             Killed from afar by a necromancer (45 damage)
             ... with a bolt of fire
             ... on level 1 of the Abyss.
             The game lasted 00:00:59 (152 turns).

wazuzu the Ducker (Spriggan Abyssal Knight)          Turns: 152, Time: 00:01:01

Health: -34/11     AC:  2    Str:  8    XL:     1   Next: 0%
Magic:  3/3        EV: 18    Int: 13    God:    Lugonu [*.....]
Gold:   16         SH:  0    Dex: 15    Spells: 0/0 levels left

rFire    . . .     SeeInvis +   a - +1 short sword
rCold    . . .     Gourm    .   (shield restricted)
rNeg     . . .     Faith    .   b - +0 robe
rPois    .         Spirit   .   (helmet restricted)
rElec    .         Reflect  .   (no cloak)
rCorr    .         Harm     .   (gloves unavailable)
MR       .....                  (boots unavailable)
Stlth    +.........             (no amulet)
HPRegen  0.03/turn              (no ring)
MPRegen  0.08/turn              (no ring)

@: very quick
A: very small, unfitting armour, see invisible, herbivore, speed 3, slow
metabolism 2
a: Depart the Abyss, Renounce Religion


You were on level 1 of the Abyss.
You worshipped Lugonu.
Lugonu was aware of your devotion.
You were not hungry.

You visited 0 branches of the dungeon, and saw 0 of its levels.
You visited the Abyss 1 time.

You collected 16 gold pieces.

Inventory:

Hand Weapons
 a - a +1 short sword (weapon)
Armour
 b - a +0 robe (worn)
Scrolls
 e - a scroll of teleportation {unknown}
 f - a scroll of remove curse {unknown}
 g - a scroll of identify {unknown}
Potions
 d - 2 potions of might {unknown}
 h - a potion of degeneration {unknown}
Comestibles
 c - a ration


   Skills:
 + Level 2.4 Fighting
 + Level 2.1 Short Blades
 + Level 3.5 Dodging
 + Level 1.7 Invocations


You couldn't memorise any spells.
You didn't know any spells.

Dungeon Overview and Level Annotations

Branches:
Dungeon (0/15)

Altars:


Innate Abilities, Weirdness & Mutations

You are very small and have problems with some larger weapons.
You are too small for most types of armour.
You have supernaturally acute eyesight. (SInv)
You are a herbivore.
You cover ground extremely quickly.
You need consume almost no food.


Message History

You see here a bubbling golden potion.
h - a bubbling golden potion A small abomination comes into view.
A jelly comes into view.
The jelly quivers.
You feel yourself growing ill in the presence of the ancient zyme.
An ancient zyme comes into view.
An iron imp comes into view.
The iron imp shouts, "Scamper away, thou artless two-tin-hat creepsneak!"
You hear a shout!
The jelly looks sick.
A sky beast comes into view.
The ufetubus disappears in a puff of smoke!
A necromancer comes into view. It is wielding a dagger.
The necromancer mumbles some strange words.
The necromancer binds the souls of nearby monsters.
The necromancer gestures at you while chanting.
The bolt of fire hits you!
Ouch! That really hurt!
You die...

.. ..... #
#.#..#.#
..##.#. #
...... ###.#
#..#p#..##....
#..........#
#..#.#.@.#
#....##.#
##....#####
#.#......### .
#...#####..#
..##.#...###..#
.#....#.... ##
##..#...#5## .
##....#..#...#


You could see a necromancer.

Vanquished Creatures (others)
  2 starspawn tentacles (Abyss:1)
2 creatures vanquished.

Notes
Turn   | Place    | Note
-------+----------+-------------------------------------------
     0 | Abyss:1  | wazuzu the Spriggan Abyssal Knight began the quest for the Orb.
     0 | Abyss:1  | Reached XP level 1. HP: 11/11 MP: 3/3
    84 | Abyss:1  | Noticed a fire bat
    86 | Abyss:1  | Noticed a ynoxinul
   116 | Abyss:1  | Noticed a tentacled starspawn
   117 | Abyss:1  | Noticed a small abomination
   133 | Abyss:1  | Noticed a jelly
   136 | Abyss:1  | Noticed an ancient zyme
   138 | Abyss:1  | Noticed an iron imp
   140 | Abyss:1  | Noticed a sky beast
   148 | Abyss:1  | Noticed a necromancer
   152 | Abyss:1  | Killed from afar by a necromancer

Vault maps used:
Abyss:1:  evilmike_abyss_exit_8, hangedman_decor_riveting

Action                   || total
-------------------------++-------
Dodge: Dodged            ||     1

Table legend:
 A = Spawn XP
 B = Non-spawn XP
 C = Spawn XP percentage of total XP
 D = Spawn monster count
 E = Non-spawn monster count
 F = Spawn count percentage of total count
 G = Total turns spent on level
                    A         B        C        D         E        F      G
               +---------+---------+-------+---------+---------+-------+---------
         Total |       0 |       0 |   N/A |       0 |       0 |   N/A |   152
               +---------+---------+-------+---------+---------+-------+---------
               +---------+---------+-------+---------+---------+-------+---------
